 Seeded DCSS version 0.30-a0-377-g5cb311bc9f (webtiles) character file.

Game seed: 12882034922843276435 (custom seed)

50491 purpskrrrp the Warrior (level 14, -6/151 HPs)
             Began as a Minotaur Monk on Nov 28, 2022.
             Was the Champion of Cheibriados.
             Killed from afar by a frost giant (24 damage)
             ... with a bolt of cold
             ... in an ice cave.
             The game lasted 00:35:38 (15750 turns).

purpskrrrp the Warrior (Minotaur Monk)             Turns: 15750, Time: 00:35:39

Health: -6/151     AC: 19    Str: 35    XL:     14   Next: 19%
Magic:  6/19       EV: 15    Int: 28    God:    Cheibriados [******]
Gold:   1367       SH:  0    Dex: 35    Spells: 13/13 levels left

rFire   . . .      SeeInvis .    e - +9 staff of Olgreb {rPois∞}
rCold   + . .      Faith    .    (no shield)
rNeg    . . .      Spirit   .    J - +4 scale mail of Dishonesty {rElec rC+ Slay+3}
rPois   ∞          Reflect  .    R - +1 hat
rElec   +          Harm     .    m - scarf {shadows}
rCorr   .          Rampage  .    K - +2 pair of gloves
Will    +....                    (no boots)
Stlth   ++........               (no amulet)
HPRegen 0.45/turn                p - +6 ring of dexterity
MPRegen 0.16/turn                u - ring "Wecliduq" {Fly Int+6}

@: flying, very slow
A: horns 2, retaliatory headbutt, iridescent scales 1, robust 1
a: Renounce Religion, Evoke the Staff of Olgreb, Bend Time, Temporal Distortion,
Slouch, Step From Time


You were in an ice cave.
You worshipped Cheibriados.
Cheibriados was exalted by your worship.
You visited 1 branch of the dungeon, and saw 14 of its levels.
You also visited: Ossuary, Bailey and Ice Cave.

You collected 2625 gold pieces.
You spent 1258 gold pieces at shops.

Inventory:

Hand Weapons
 a - a +1 falchion of draining
 e - the +9 staff of Olgreb (weapon) {rPois∞}
   (You acquired it on level 1 of the Dungeon)

   If the wielder is skilled in Evocations, they can envenom those struck by it,
   dealing poison damage which bypasses armour.
   It enhances your poison magic.
   It grants immunity to poison.
   It can be activated via the 'a'bility menu to radiate toxic energy, with
   effectiveness depending on Evocations skill.
 S - a +3 spectral lajatang
Missiles
 w - 4 throwing nets
Armour
 b - a +0 robe
 m - a scarf of shadows (worn)
 n - a +1 ring mail
 J - the +4 scale mail of Dishonesty (worn) {rElec rC+ Slay+3}
   (You bought it in a shop on level 4 of the Dungeon)

   Slay:      It affects your accuracy & damage with ranged weapons and melee
   (+3).
   rC:        It protects you from cold.
   rElec:     It insulates you from electricity.
 K - a +2 pair of gloves (worn)
 R - a +1 hat (worn)
 T - a +3 scale mail of cold resistance
Jewellery
 c - a ring of poison resistance
 h - a ring of flight
 p - a +6 ring of dexterity (left hand)
 u - the ring "Wecliduq" (right hand) {Fly Int+6}
   (You took it off a kobold in a bailey)

   [ring of flight]

   Int:       It affects your intelligence (+6).
   Fly:       It grants you flight.
Wands
 l - a wand of paralysis (6)
 q - a wand of iceblast (4)
 G - a wand of polymorph (6)
 M - a wand of acid (14)
 O - a wand of flame (23)
 Q - a wand of mindburst (26)
 U - a wand of digging (3)
Scrolls
 d - a scroll of blinking
 f - a scroll of enchant armour
 g - 4 scrolls of butterflies
 j - a scroll of magic mapping
 k - 4 scrolls of teleportation
 r - 2 scrolls of vulnerability
 t - a scroll of summoning
 x - a scroll of poison
 y - 2 scrolls of immolation
 N - a scroll of amnesia
 P - 2 scrolls of identify
Potions
 i - 5 potions of heal wounds
 o - 8 potions of brilliance
 s - 2 potions of magic
 v - 2 potions of attraction
 z - a potion of lignification
 A - a potion of mutation
 B - 6 potions of curing
 C - a potion of cancellation
 D - 7 potions of flight
 E - 2 potions of invisibility
 F - 4 potions of degeneration
 H - a potion of ambrosia
 I - 2 potions of haste
 L - 2 potions of resistance


   Skills:
 * Level 16.5 Fighting
 - Level 4.0 Long Blades
 + Level 11.7 Staves
 + Level 11.4 Armour
 - Level 3.9 Dodging
 - Level 1.5 Stealth
 + Level 8.4 Invocations
 * Level 12.6 Evocations


You had 13 spell levels left.
You didn't know any spells.
Your spell library contained the following spells:

 Spells                   Type           Power      Damage    Failure   Level
 Beastly Appendage        Tmut           0%         N/A       19%         1
 Blink                    Tloc           0%         N/A       26%         2
 Momentum Strike          Conj/Tloc      0%         3d8       26%         2
 Sublimation of Blood     Necr           0%         N/A       26%         2
 Wereblood                Tmut           0%         N/A       26%         2
 Call Canine Familiar     Summ           0%         N/A       47%         3
 Lesser Beckoning         Tloc           0%         N/A       47%         3
 Portal Projectile        Hex/Tloc       0%         N/A       47%         3
 Spider Form              Tmut/Pois      0%         N/A       47%         3
 Leda's Liquefaction      Hex/Erth       0%         N/A       87%         4
 Summon Hydra             Summ           0%         N/A       100%        7


Dungeon Overview and Level Annotations

Branches:
Dungeon (14/15)            Temple (0/1) D:5            Lair (0/5) D:9
    Orc (0/2) D:9          Vaults (0/5) D:14        Ossuary (visited)
 Bailey (visited)           IceCv (1/1)

Altars:
Ashenzari
Cheibriados
Dithmenos
Elyvilon
Gozag
Nemelex Xobeh
Okawaru
Qazlal
Sif Muna
Trog
Uskayaw
Vehumet
Wu Jian
Yredelemnul
Zin
The Shining One

Shops:
D:4 [   D:11 (   D:12 (

Portals:
Trove: D:11 (give 2 scrolls of acquirement)

Annotations:
D:7 1 transporter


Innate Abilities, Weirdness & Mutations

You have a pair of horns on your head.
You reflexively headbutt those who attack you in melee.
You are partially covered in iridescent scales. (AC +2)
You are robust. (+10% HP)


Message History

You kill the polar bear!
Cheibriados appreciates the change of pace.
The frost giant casts a spell at you. The bolt of cold hits you! You resist.
The frost giant hits you with a +0 battleaxe of freezing!!
The frost giant freezes you.
The brown ugly thing basks in the mutagenic energy from its kin and changes!
Things that are here:
an ugly thing corpse; an ugly thing corpse; an ugly thing corpse The purple ugly thing looks as sick as possible!
The frost giant looks as sick as possible!
The white ugly thing looks even sicker.
Your toxic aura wanes.
The ice dragon breathes frost at you.
The blast of cold hits the frost giant!
The frost giant resists.
The blast of cold hits you! You resist.
The frost giant hits you with a +0 battleaxe of freezing!!
* * * LOW HITPOINT WARNING * * *
The frost giant freezes you.
* * * LOW HITPOINT WARNING * * *
The frost giant gestures at you while chanting.
The bolt of cold hits you! You resist.
* * * LOW HITPOINT WARNING * * *
Okay, then.
Blink to where?
Press: ? - help, Dir - move target
As you read the scroll of blinking, it crumbles to dust.
Cheibriados appreciates the change of pace.
You feel a bit more experienced.
As you read the scroll of butterflies, it crumbles to dust.
You hear the tinkle of a tiny bell.
The purple ugly thing punches your butterfly!
Your butterfly dies!
Your butterfly disappears in a burst of colours!
The frost giant casts a spell at you. The bolt of cold hits your butterfly!!
Your butterfly dies!
Your butterfly disappears in a burst of colours!
The bolt of cold hits you!! You resist.
You die...

##### #.[[# ##########
#.⌠.#########C.u##.uC#
##
#.....#..#b@.##..C##.†u#
#~#####....#bb########
#D...# #~#~#~~.#####b.#
#†... ##~~[)#~..##bb##
#... ###~†#≈~~##..b###
..# .~~####### #### ##
.### ..## #..#


You could see a frost giant (very poisoned, ally target) and a purple ugly thing
(very poisoned).

Vanquished Creatures
  Gastronok (D:12)
  Frances (D:12)
  Kirke (D:13)
  A white draconian (IceCv)
  Josephine (D:13)
  2 hydras
  A boulder beetle (D:12)
  4 centaur warriors
  3 ironbound frosthearts (IceCv)
  A catoblepas (D:13)
  6 two-headed ogres
  4 tengu warriors
  Urug (D:13)
  An orange crystal statue (IceCv)
  2 wizards (D:14)
  3 deep elf pyromancers
  2 manticores (D:12)
  16 ugly things
  4 cyclopes
  Joseph (D:8)
  A molten gargoyle (D:12)
  A gargoyle (D:11)
  11 rime drakes (IceCv)
  An unseen horror (D:12)
  2 komodo dragons (D:12)
  A kobold demonologist (D:11)
  20 polar bears (IceCv)
  9 trolls
  A hornet (D:9)
  2 shadows
  9 wraiths
  26 yaks
  A hog (D:13)
  4 humans (D:13)
  8 vampire mosquitoes
  Menkaure (D:4)
  An acid dragon (D:12)
  8 orc warriors
  An ice beast (D:6)
  3 ogres
  2 black bears
  2 wolves (D:9)
  2 phantoms
  5 centaurs
  7 bullfrogs
  2 necrophages
  2 gnoll sergeants
  3 scorpions
  10 wights
  3 killer bees (D:11)
  2 howler monkeys
  6 electric eels
  A lava snake (D:12)
  Crazy Yiuf (D:5)
  3 hounds
  A jelly (D:4)
  An iguana (D:6)
  2 orc priests
  A gnoll bouda (D:4)
  5 orc wizards
  A mummy (Ossuary)
  25 gnolls
  9 adders
  2 white imps (D:7)
  2 ufetubi
  A worm (D:3)
  3 dart slugs
  22 orcs
  5 ball pythons
  5 endoplasms
  A giant cockroach (D:2)
  12 goblins
  6 hobgoblins
  3 jackals (D:2)
  14 kobolds
  2 quokkas
  7 bats
  5 frilled lizards
  3 gnoll skeletons (Ossuary)
  8 kobold skeletons (Ossuary)
  14 orc skeletons (Ossuary)
  6 rats
384 creatures vanquished.

Vanquished Creatures (others)
  A fire vortex (D:12)
  5 plants
6 creatures vanquished.

Grand Total: 390 creatures vanquished

Notes
Turn   | Place    | Note
-------+----------+-------------------------------------------
     0 | D:1      | purpskrrrp the Minotaur Monk began the quest for the Orb.
     0 | D:1      | Reached XP level 1. HP: 19/19 MP: 0/0
   354 | D:1      | Reached XP level 2. HP: 27/27 MP: 1/1
   417 | D:1      | Reached skill level 4 in Fighting
   436 | D:1      | Identified a scroll of acquirement
   436 | D:1      | Acquired the +9 staff of Olgreb {rPois∞}
   436 | D:1      | Found the +9 staff of Olgreb {rPois∞}
  1083 | D:2      | Reached XP level 3. HP: 33/33 MP: 2/2
  1108 | D:2      | Reached skill level 1 in Staves
  1108 | D:2      | Reached skill level 1 in Evocations
  1124 | D:2      | Reached XP level 4. HP: 32/41 MP: 3/3
  2073 | D:3      | Found a faded altar of an unknown god.
  2170 | D:3      | Found a shadowy altar of Dithmenos.
  2585 | D:4      | Noticed a scorpion
  2593 | D:4      | Killed a scorpion
  2594 | D:4      | Reached skill level 5 in Fighting
  2594 | D:4      | Reached skill level 1 in Armour
  2594 | D:4      | Reached XP level 5. HP: 40/48 MP: 4/4
  2606 | D:4      | Acquired 1074 gold pieces
  2656 | D:4      | Found a shimmering blue altar of Sif Muna.
  2684 | D:4      | Identified the +2 long sword of Entrepreneurial Spirit
                  | {vorpal, Str+2}
  2697 | D:4      | Noticed Menkaure
  2705 | D:4      | Killed Menkaure
  2706 | D:4      | Reached XP level 6. HP: 57/57 MP: 5/5
  2861 | D:4      | Reached skill level 6 in Fighting
  3324 | D:4      | Found a sand-covered staircase.
  3343 | Ossuary  | Entered an ossuary
  3343 | Ossuary  | Noticed a wraith
  3343 | Ossuary  | Noticed a wraith
  3360 | Ossuary  | Reached XP level 7. HP: 63/63 MP: 6/6
  3390 | Ossuary  | Noticed a wraith
  3574 | Ossuary  | Killed a wraith
  3782 | D:4      | Found an ornate altar of the Wu Jian Council.
  3852 | D:4      | Found Yforosur's Antique Armour Shop.
  3959 | D:4      | Bought a dazzling scale mail for 270 gold pieces
  3959 | D:4      | Identified the +4 scale mail of Dishonesty {rElec rC+
                  | Slay+3} (You bought it in a shop on level 4 of the Dungeon)
  3959 | D:4      | Bought a pair of glowing gloves for 225 gold pieces
  4178 | D:4      | Reached skill level 7 in Fighting
  4228 | D:5      | Entered Level 5 of the Dungeon
  4346 | D:5      | Found a runed translucent door.
  4347 | D:5      | Noticed Crazy Yiuf
  4495 | D:5      | Found a basalt altar of Yredelemnul.
  4603 | D:5      | Found a staircase to the Ecumenical Temple.
  4706 | D:5      | Found a snail-covered altar of Cheibriados.
  4716 | D:5      | Reached XP level 8. HP: 62/73 MP: 7/7
  4724 | D:5      | Became a worshipper of Cheibriados the Contemplative
  4724 | D:5      | Reached * piety under Cheibriados
  4724 | D:5      | Reached ** piety under Cheibriados
  5010 | D:5      | Killed Crazy Yiuf
  5086 | D:6      | Reached skill level 5 in Evocations
  5109 | D:6      | Found a radiant altar of Vehumet.
  5112 | D:6      | Found a glowing golden altar of the Shining One.
  5119 | D:6      | Found an iron altar of Okawaru.
  5132 | D:6      | Found a white marble altar of Elyvilon.
  5135 | D:6      | Found an opulent altar of Gozag.
  5185 | D:6      | Identified the +0 pair of gloves "Dimairre" {Regen+ Str+2
                  | Int+2 Dex+3}
  5232 | D:6      | Reached skill level 8 in Fighting
  5483 | D:6      | Reached skill level 5 in Staves
  5853 | D:7      | Reached skill level 5 in Armour
  5853 | D:7      | Reached XP level 9. HP: 79/82 MP: 8/8
  5884 | D:7      | Reached skill level 9 in Fighting
  6123 | D:7      | Found a sparkling altar of Nemelex Xobeh.
  6123 | D:7      | Noticed a white ugly thing
  6124 | D:7      | Found a transporter.
  6738 | D:8      | Reached *** piety under Cheibriados
  6879 | D:8      | Reached skill level 1 in Invocations
  7375 | D:8      | Noticed Joseph
  7375 | D:8      | Noticed a two-headed ogre
  7385 | D:8      | Killed a two-headed ogre
  7386 | D:8      | Reached skill level 10 in Fighting
  7389 | D:8      | Killed Joseph
  7837 | D:9      | Noticed a troll
  7842 | D:9      | Killed a troll
  7843 | D:9      | Reached XP level 10. HP: 91/94 MP: 5/10
  8016 | D:9      | Reached **** piety under Cheibriados
  8023 | D:9      | Found a staircase to the Lair.
  8172 | D:9      | Found a staircase to the Orcish Mines.
  8320 | D:9      | Reached skill level 11 in Fighting
  8371 | D:9      | Found a bloodstained altar of Trog.
  8396 | D:9      | Found a glowing silver altar of Zin.
  8396 | D:9      | Noticed an angel
  8534 | D:9      | Noticed a centaur warrior
  8554 | D:9      | Killed a centaur warrior
  8839 | D:9      | Noticed a white ugly thing
  8845 | D:9      | Killed a white ugly thing
  9006 | D:10     | Entered Level 10 of the Dungeon
  9023 | D:10     | Found a flagged portal.
  9033 | Bailey   | Entered a bailey
  9114 | Bailey   | Reached ***** piety under Cheibriados
  9204 | Bailey   | Identified the ring "Wecliduq" {Fly Int+6}
  9310 | Bailey   | Gained mutation: You are robust. (+10% HP) [potion of
                  | mutation]
  9310 | Bailey   | Gained mutation: You are partially covered in iridescent
                  | scales. (AC +2) [potion of mutation]
  9375 | D:10     | Found a broken altar of Ashenzari.
  9499 | D:10     | Reached XP level 11. HP: 99/114 MP: 13/13
  9596 | D:10     | Reached skill level 12 in Fighting
 10081 | D:10     | Found a hide-covered altar of Uskayaw.
 10082 | D:10     | Found a stormy altar of Qazlal.
 10385 | D:11     | Noticed a deep elf pyromancer
 10392 | D:11     | Killed a deep elf pyromancer
 10645 | D:11     | Found a portal to a secret trove of treasure.
 10717 | D:11     | Noticed a two-headed ogre
 10724 | D:11     | Killed a two-headed ogre
 10914 | D:11     | Noticed a white ugly thing
 10921 | D:11     | Reached skill level 5 in Invocations
 10924 | D:11     | Killed a white ugly thing
 10987 | D:11     | Identified the +2 robe of Rationality {rPois rF- rC+
                  | Stlth+}
 11154 | D:11     | Found Ecicubboo's Hydra Hut.
 11154 | D:11     | Noticed a two-headed ogre
 11160 | D:11     | Killed a two-headed ogre
 11161 | D:11     | Reached skill level 13 in Fighting
 11224 | D:11     | Noticed a four-headed hydra
 11634 | D:12     | Noticed a boulder beetle
 11638 | D:12     | Noticed Gastronok
 11641 | D:12     | Killed a boulder beetle
 11642 | D:12     | Reached skill level 10 in Evocations
 11642 | D:12     | Reached XP level 12. HP: 95/126 MP: 7/15
 11653 | D:12     | Killed Gastronok
 11735 | D:12     | Noticed a two-headed ogre
 11742 | D:12     | Killed a two-headed ogre
 12140 | D:12     | Found Efoab's Weapon Emporium.
 12147 | D:12     | Bought a +3 spectral lajatang for 763 gold pieces
 12422 | D:12     | Reached skill level 14 in Fighting
 12738 | D:12     | Noticed Frances
 12748 | D:12     | Killed Frances
 12916 | D:13     | Noticed a centaur warrior
 12919 | D:13     | Killed a centaur warrior
 12994 | D:13     | Reached ****** piety under Cheibriados
 13013 | D:13     | Noticed a two-headed ogre
 13018 | D:13     | Killed a two-headed ogre
 13019 | D:13     | Reached skill level 10 in Staves
 13083 | D:13     | Found an ornate altar of the Wu Jian Council.
 13198 | D:13     | Noticed a two-headed ogre
 13202 | D:13     | Killed a two-headed ogre
 13319 | D:13     | Noticed a five-headed hydra
 13321 | D:13     | Noticed a catoblepas
 13321 | D:13     | Noticed a centaur warrior
 13339 | D:13     | Killed a five-headed hydra
 13355 | D:13     | Killed a catoblepas
 13365 | D:13     | Killed a centaur warrior
 13411 | D:13     | Reached skill level 10 in Armour
 13440 | D:13     | Noticed a tengu warrior
 13444 | D:13     | Killed a tengu warrior
 13554 | D:13     | Noticed Urug
 13555 | D:13     | Noticed Josephine
 13562 | D:13     | Killed Josephine
 13563 | D:13     | Reached XP level 13. HP: 117/137 MP: 13/17
 13574 | D:13     | Killed Urug
 13590 | D:13     | Noticed Kirke
 13603 | D:13     | Noticed a sphinx
 13613 | D:13     | Killed Kirke
 13614 | D:13     | Reached skill level 15 in Fighting
 13781 | D:13     | Identified the +1 robe "Yfrudwe" {Harm rPois Dex-4 SInv}
 14459 | D:14     | Found a gate to the Vaults.
 14656 | D:14     | Found a frozen archway.
 14708 | IceCv    | Entered an ice cave
 15119 | IceCv    | Reached skill level 16 in Fighting
 15454 | IceCv    | Reached XP level 14. HP: 150/150 MP: 15/19
 15732 | IceCv    | Noticed a frost giant
 15736 | IceCv    | Noticed a frost giant
 15750 | IceCv    | Killed from afar by a frost giant

Illustrated notes

Levels and vault maps discovered:
D:1:      eino_arrival_water_cross, layout_basic
D:2:      layout_basic, solitary_fountain
D:3:      layout_loops_ring, mainiacjoe_overflow_24_doors,
          basic_ecumenical_altar, minmay_misc_feat_rows,
          kennysheep_small_spiral, wander_ebering_terrifying_dragon_lair
D:4:      layout_loops_ring, led_sif_book, mainiacjoe_overflow_chevrons,
          nicolae_ossuary_entry_plus, serial_shops, nicolae_shop_waterfront,
          nicolae_hexahallways, uniq_menkaure
D:5:      layout_basic, kennysheep_slug_shrine, mainiacjoe_overflow_brackets,
          minmay_temple_entry_gardened_gates, grunt_decor_clamped,
          uniq_crazy_yiuf_cottage
D:6:      layout_basic, minmay_overflow_temple_star_hex
D:7:      layout_gridville, grunt_nemelex_the_gamble
D:8:      layout_loops_corners, uniq_joseph
D:9:      layout_loops_ring, zin_angel, trog_book, erik_lair_island,
          orc_0_dummy, hex_medium, grunt_tough_drop
D:10:     layout_basic, mainiacjoe_overflow_surrounded_room,
          gammafunk_temple_overflow_pools, enter_bailey_3,
          hangedman_decor_lopped
D:11:     layout_basic, trove_entry_hex_spiral, doesnt_shop_hydraphobe
D:12:     layout_basic, serial_shops, nicolae_shop_advertising_works
          [nicolae_subvault_shop_adworks], uniq_frances, uniq_gastronok
D:13:     minmay_spotlight, layout_basic, nicolae_wu_jian_immortal_techniques,
          uniq_kirke, uniq_urug, uniq_josephine
D:14:     cheibrodos_orc_bank, layout_cave_pools, david_vaults_1,
          dreamdust_mushroom_princess, portal_ice_cave_entry_pillars_1
IceCv:    ice_cave_caverns_03

Skill      XL: |  1  2  3  4  5  6  7  8  9 10 11 12 13 |
---------------+----------------------------------------+-----
Long Blades    | 4 |  4.0
Fighting       | 4 5 6 7 8 10 11 13 14 16 | 16.5
Staves         | 1 2 3 4 5 6 7 9 10 11 | 11.7
Evocations     | 1 2 3 4 5 7 8 10 11 12 | 12.6
Armour         | 1 2 3 5 6 7 8 10 11 | 11.4
Invocations    | 2 4 5 7 8 |  8.4
Dodging        | |  3.9
Stealth        | |  1.5

Action                   |  1- 3 |  4- 6 |  7- 9 | 10-12 | 13-15 || total
-------------------------+-------+-------+-------+-------+-------++-------
Melee: Falchion          |    27 |       |       |       |       ||    27
       Headbutt          |     8 |    17 |    38 |    73 |    45 ||   181
       Staff             |    28 |   108 |   153 |   298 |   177 ||   764
       Punch             |       |       |     4 |     7 |     4 ||    15
       Unarmed           |       |       |       |       |     1 ||     1
 Abil: Evoke the Staff o |       |     1 |     7 |    32 |    28 ||    68
Evoke: Wand              |       |       |     4 |     1 |       ||     5
  Use: Scroll            |     2 |     2 |    21 |     4 |     6 ||    35
       Potion            |     1 |       |       |     3 |     2 ||     6
 Stab: Sleeping          |     1 |     2 |       |       |       ||     3
       Petrified         |       |       |       |     8 |       ||     8
       Distracted        |       |       |       |     1 |     1 ||     2
Armor: Robe              |    15 |     3 |       |       |       ||    18
       Ring mail         |       |    23 |    19 |       |       ||    42
       Scale mail        |       |       |    67 |   109 |    83 ||   259
Dodge: Dodged            |    51 |    69 |    93 |   201 |   155 ||   569

Table legend: (Time is in decaauts)
 A = Elapsed time spent in this place.
 B = Non-inter-level travel time spent in this place.
 C = Inter-level travel time spent in this place.
 D = Time resting spent in this place.
 E = Time spent auto-exploring this place.
 F = Levels seen in this place.
 G = Mean time per level.
                   A        B        C        D        E       F      G
               +--------+--------+--------+--------+--------+-----+--------+
         Total |  20647 |  19438 |   1209 |    881 |  15537 |  17 | 1214.5 |
       Dungeon |  18625 |  17416 |   1209 |    675 |  14469 |  14 | 1330.4 |
       Ossuary |    269 |    269 |      0 |      0 |     46 |   1 |  269.0 |
        Bailey |    501 |    501 |      0 |      0 |    245 |   1 |  501.0 |
      Ice Cave |   1251 |   1251 |      0 |    206 |    777 |   1 | 1251.0 |
               +--------+--------+--------+--------+--------+-----+--------+

Top non-repeatable levels by time:
    D:13: 2532 daAuts
    D:12: 1875 daAuts
    D:11: 1861 daAuts
     D:8: 1814 daAuts
    D:10: 1691 daAuts
     D:9: 1658 daAuts
     D:4: 1381 daAuts
   IceCv: 1251 daAuts
     D:7: 1134 daAuts
     D:1: 1060 daAuts
     D:5: 955 daAuts
     D:6: 930 daAuts
     D:3: 795 daAuts
     D:2: 741 daAuts
  Bailey: 501 daAuts
